 Dungeon Crawl Stone Soup version 0.28-a0-474-g535839065c (webtiles) character file.

Game seed: 4089635957183656384

676 Squid the Cudgeller (level 7, -1/93 HPs)
             Began as a Minotaur Berserker on Sept 15, 2021.
             Was a Priest of Trog.
             Slain by an orc warrior (10 damage)
             ... on level 4 of the Dungeon.
             The game lasted 00:14:41 (4286 turns).

Squid the Cudgeller (Minotaur Berserker)            Turns: 4286, Time: 00:14:41

Health: -1/93      AC: 16    Str: 23    XL:     7   Next: 33%
Magic:  6/6        EV:  7    Int:  4    God:    Trog [***...]
Gold:   147        SH:  0    Dex: 10    Spells: 6/6 levels left

rFire   . . .      SeeInvis .   g - +0 flail
rCold   . . .      Faith    .   (no shield)
rNeg    . . .      Spirit   .   f - +4 plate armour
rPois   .          Reflect  .   (helmet restricted)
rElec   .          Harm     .   (no cloak)
rCorr   .          Rampage  .   (no gloves)
Will    .....                   (no boots)
Stlth   ..........              (no amulet)
HPRegen 0.25/turn               (no ring)
MPRegen 0.10/turn               (no ring)

@: berserking, very quick
A: horns 2, retaliatory headbutt
a: Renounce Religion, Berserk, Trog's Hand


You were on level 4 of the Dungeon.
You worshipped Trog.
Trog was most pleased with you.
You visited 2 branches of the dungeon, and saw 5 of its levels.

You collected 147 gold pieces.

Inventory:

Hand Weapons
 g - a +0 flail (weapon)
Armour
 f - a +4 plate armour (worn)
Wands
 d - a wand of digging (6)


   Skills:
 + Level 5.7 Fighting
 + Level 6.8 Maces & Flails
 + Level 6.2 Armour
 + Level 3.1 Dodging
 + Level 0.1 Stealth


You had 6 spell levels left.
You didn't know any spells.
Your spell library was empty.

Dungeon Overview and Level Annotations

Branches:
Dungeon (4/15)             Temple (1/1) D:4

Altars:
Ashenzari
Cheibriados
Dithmenos
Elyvilon
Fedhas
Gozag
Hepliaklqana
Kikubaaqudgha
Makhleb
Nemelex Xobeh
Okawaru
Qazlal
Ru
Sif Muna
Trog
Uskayaw
Vehumet
Wu Jian
Xom
Yredelemnul
Zin

Annotations:
D:4 Duvessa


Innate Abilities, Weirdness & Mutations

You have a pair of horns on your head.
You reflexively headbutt those who attack you in melee.


Message History

The bullfrog barely misses you. You furiously retaliate!
You headbutt the bullfrog! Duvessa hits you with a +0 short sword.
* * * LOW HITPOINT WARNING * * *
The orc wizard mumbles some strange words.
The orc wizard flickers and vanishes!
The bullfrog hits you.
* * * LOW HITPOINT WARNING * * *
The bullfrog hits you but does no damage.
The bullfrog hits you but does no damage.
The orc warrior hits you with a +0 battleaxe!
* * * LOW HITPOINT WARNING * * *
The bullfrog barely misses you. The bullfrog barely misses you.
You furiously retaliate!
You headbutt the bullfrog!
You kill the bullfrog!
Trog accepts your kill.
Duvessa zaps a wand.
The puff of flame hits you but does no damage.
Your magical contamination has completely faded away.
Duvessa grits her teeth and focuses.
The orc warrior closely misses you.
The orc warrior hits you but does no damage.
You see here 11 gold pieces.
Duvessa barely misses you.
You hear some strange, mumbled words.
Something tries to affect you, but you resist.
Duvessa shakes in a combination of rage and grief.
The orc warrior enters a dispersal trap!
Duvessa blinks!
The orc blinks! x2; Duvessa blinks!
You blink.
The orc warrior blinks!
You aren't carrying any potions.
You aren't carrying any scrolls.
You are too injured to fight recklessly!
A red film seems to cover your vision as you go berserk!
You feel yourself moving faster!
You feel mighty! The orc warrior closely misses you. You furiously retaliate!
You headbutt the orc warrior, but do no damage.
You feel a strong urge to attack something.
The orc warrior hits you with a +0 battleaxe!
You die...

.#.###..#.......##≈≈.....#...##..
...##...........##≈≈.....##.#####
.#...?.........^########.##....##
..#.....#..........# #.#####...
#..#..).#..........###...#######.
#...#...##.............#.##......
.....#..#(.....o...### ....#####
......#.#.$)....o..# . #
........#).)....@..#
..#######))........#
......F....$.......#
##########........## ##......##
########


You could see an orc warrior and an orc.

Vanquished Creatures
  Sigmund (D:3)
  A water moccasin (D:4)
  A bullfrog (D:4)
  A water moccasin skeleton (D:4)
  Dowan (D:4)
  Terence (D:2)
  3 orc wizards (D:4)
  3 adders
  2 adder skeletons
  4 worms
  5 dart slugs
  7 orcs
  4 bats
  9 endoplasms
  4 giant cockroaches
  10 hobgoblins
  6 kobolds
  A quokka (D:1)
  2 ball pythons
  14 frilled lizards
  13 goblins
  5 rats
98 creatures vanquished.

Vanquished Creatures (others)
  3 plants (D:4)
3 creatures vanquished.

Grand Total: 101 creatures vanquished

Notes
Turn   | Place    | Note
-------+----------+-------------------------------------------
     0 | D:1      | Squid the Minotaur Berserker began the quest for the Orb.
     0 | D:1      | Reached XP level 1. HP: 19/19 MP: 0/0
   286 | D:1      | Reached XP level 2. HP: 27/27 MP: 1/1
   351 | D:1      | Reached ** piety under Trog
   702 | D:1      | Reached XP level 3. HP: 28/33 MP: 2/2
  1308 | D:2      | Found a faded altar of an unknown god.
  1336 | D:2      | Noticed Terence
  1356 | D:2      | Killed Terence
  1357 | D:2      | Reached XP level 4. HP: 26/41 MP: 3/3
  1806 | D:2      | Found a radiant altar of Vehumet.
  2820 | D:3      | Noticed Sigmund
  2836 | D:3      | Killed Sigmund
  2836 | D:3      | Reached *** piety under Trog
  2837 | D:3      | Reached skill level 5 in Fighting
  2837 | D:3      | Reached skill level 5 in Maces & Flails
  2837 | D:3      | Reached XP level 5. HP: 27/48 MP: 4/4
  2837 | D:3      | Reached XP level 6. HP: 31/56 MP: 5/5
  3440 | D:4      | Found a staircase to the Ecumenical Temple.
  3460 | Temple   | Entered the Ecumenical Temple
  3861 | D:4      | Noticed a water moccasin
  3868 | D:4      | Killed a water moccasin
  3869 | D:4      | Reached skill level 5 in Armour
  4179 | D:4      | Reached XP level 7. HP: 36/61 MP: 6/6
  4180 | D:4      | Noticed Dowan
  4181 | D:4      | Noticed Duvessa
  4195 | D:4      | Killed Dowan
  4208 | D:4      | HP: 4/91 [Duvessa (7)]
  4264 | D:4      | HP: 1/61 [orc warrior (10)]
  4286 | D:4      | Slain by an orc warrior

Illustrated notes

Levels and vault maps discovered:
D:1:      nicolae_arrival_washed_ashore, layout_loops_ring, minmay_lizard_pond
D:2:      layout_basic, basic_ecumenical_altar, basic_altar, uniq_terence
D:3:      layout_loops_ring, kennysheep_generic_room_13, uniq_sigmund
D:4:      layout_rooms, minmay_temple_entry_gardened_gates, st_stairs_9,
          hangedman_decor_opposing, hex_tiny, hangedman_decor_push,
          minivault_14, minmay_goblin_outpost, uniq_duvessa
Temple:   roderic_octagonal_lattice_temple

Skill      XL: |  1  2  3  4  5  6  7 |
---------------+----------------------+-----
Maces & Flails | 4 5 6 |  6.8
Fighting       | 4 5 |  5.7
Armour         | 3 4 5 6 |  6.2
Dodging        | 3 |  3.1
Stealth        | |  0.1

Action                   |  1- 3 |  4- 6 |  7- 9 || total
-------------------------+-------+-------+-------++-------
Melee: Mace              |    87 |    57 |       ||   144
       Headbutt          |    13 |    27 |     5 ||    45
       Flail             |       |    79 |    23 ||   102
Throw: Throwing net      |       |     2 |       ||     2
Invok: Berserk           |     2 |     5 |     2 ||     9
       Trog's Hand       |       |     2 |     1 ||     3
  Use: Scroll            |     3 |     5 |       ||     8
       Potion            |       |     2 |     3 ||     5
Armor: Chain mail        |    60 |    24 |       ||    84
       Animal skin       |     1 |       |       ||     1
       Plate armour      |       |   115 |    57 ||   172
Dodge: Dodged            |    68 |    69 |    37 ||   174

Table legend: (Time is in decaauts)
 A = Elapsed time spent in this place.
 B = Non-inter-level travel time spent in this place.
 C = Inter-level travel time spent in this place.
 D = Time resting spent in this place.
 E = Time spent auto-exploring this place.
 F = Levels seen in this place.
 G = Mean time per level.
                   A        B        C        D        E       F      G
               +--------+--------+--------+--------+--------+-----+--------+
         Total |   4397 |   4278 |    119 |    715 |   2184 |   5 |  879.4 |
       Dungeon |   4075 |   3956 |    119 |    715 |   1940 |   4 | 1018.8 |
        Temple |    321 |    321 |      0 |      0 |    244 |   1 |  321.0 |
               +--------+--------+--------+--------+--------+-----+--------+

Top non-repeatable levels by time:
     D:2: 1480 daAuts
     D:1: 1153 daAuts
     D:3: 806 daAuts
     D:4: 635 daAuts
  Temple: 321 daAuts
